 Dungeon Crawl Stone Soup version 0.20-a0-303-g575bbf7 (webtiles) character file.

198 gamerape the Cudgeler (level 5, -5/33 HPs)
             Began as a Gargoyle Chaos Knight on Dec 16, 2016.
             Killed by nerve-wracking pain
             ... invoked by an orc priest
              (6 damage)
             ... on level 4 of the Dungeon.
             The game lasted 00:05:20 (1812 turns).

gamerape the Cudgeler (Gargoyle Chaos Knight)       Turns: 1812, Time: 00:05:21

Health: -5/33      AC:  9    Str: 15    XL:     5   Next: 77%
Magic:  5/5        EV: 12    Int: 13    God:    Xom [...*..]
Gold:   138        SH:  0    Dex: 10    Spells: 4/4 levels left

rFire  . . .     SeeInvis .     a - +0 mace (chaos)
rCold  . . .     Gourm    +     b - +2 leather armour
rNeg   + . .     Faith    .     (no shield)
rPois  ∞         Spirit   .     (no helmet)
rElec  +         Reflect  .     (no cloak)
rCorr  .         Harm     .     (no gloves)
MR     +....                    (no boots)
Stlth  +.........               e - amulet of the gourmand
                                (no ring)
                                p - ring of protection from magic

@: no status effects
A: negative energy resistance 1, electricity resistance, unbreathing,
petrification resistance, rot immunity, AC +4
a: Renounce Religion


You were on level 4 of the Dungeon.
You worshipped Xom.
You were a favourite toy of Xom.
You were very full.

You visited 1 branch of the dungeon, and saw 4 of its levels.

You collected 138 gold pieces.

Inventory:

Hand Weapons
 a - a +0 mace of chaos (weapon)
Armour
 b - a +2 leather armour (worn)
Jewellery
 e - an amulet of the gourmand (around neck)
 p - a ring of protection from magic (left hand)
 s - an uncursed ring of ice {unknown}
Scrolls
 d - 2 scrolls of recharging {unknown}
 f - 2 scrolls of remove curse {unknown}
 g - 2 scrolls of teleportation {unknown}
 h - 3 scrolls of magic mapping {unknown}
 k - a scroll of enchant armour {unknown}
 l - 7 scrolls of identify {unknown}
 n - a scroll of noise {unknown}
 r - a scroll of random uselessness {unknown}
 t - a scroll of blinking {unknown}
Potions
 i - a potion of degeneration {unknown}
 m - a potion of heal wounds {unknown}
 o - a potion of curing {unknown}
 q - a potion of haste {unknown}
Comestibles
 c - a bread ration
 j - a meat ration


   Skills:
 * Level 4.2 Fighting
 * Level 4.4 Maces & Flails
 * Level 3.4 Armour
 + Level 2.0 Dodging
 - Level 0.5 Stealth


You had 4 spell levels left.
You didn't know any spells.

Dungeon Overview and Level Annotations

Branches:
Dungeon (4/15)
 Temple: D:4-7

Altars:
Okawaru


Innate Abilities, Weirdness & Mutations

You are resistant to torment.
Your stone body is resilient. (AC +4)
You are immune to poison.
You resist negative energy. (rN+)
You are resistant to electric shocks. (rElec)
You can survive without breathing.
You are immune to petrification.
You are immune to rotting.


Message History

The orc priest is almost dead.
The orc priest seems less confused.
The orc priest hits you but does no damage.
The orc hits you but does no damage. The orc priest hits you with a whip.
You barely miss the orc priest.
The orc priest is almost dead.
The orc priest mumbles some strange prayers to Beogh against you.
Beogh smites you!
* * * LOW HITPOINT WARNING * * *
The orc closely misses you.
You are too injured to fight recklessly!
You are too injured to fight recklessly!
You are too injured to fight recklessly!
You closely miss the orc priest.
The orc priest is almost dead.
The orc priest looks satisfied for a moment.
The orc hits you but does no damage.
The orc priest calls down the wrath of Beogh upon you.
Pain shoots through your body!
You die...

#.####.......#
#............#
###########..#
......##..#
#####.....####
#............#
#.#...########
#.#.#..#
#.#.#@##.#
#..o..##^#
......o####.#
.....## #.#
#### #.# #.#
#.# #.#


You could see an orc priest and an orc.

Vanquished Creatures
  The ghost of WereVolvo the Digger, an amateur GrEE (D:3)
  5 adders
  2 oozes (D:2)
  A worm (D:3)
  2 dart slugs
  4 leopard geckos
  4 orcs
  2 ball pythons (D:3)
  A giant cockroach (D:1)
  8 goblins
  10 hobgoblins
  7 bats
  2 frilled lizards
  A jackal skeleton (D:3)
  9 kobolds
  7 rats
66 creatures vanquished.

Vanquished Creatures (collateral kills)
  A giant cockroach (D:3)
  A hobgoblin (D:1)
2 creatures vanquished.

Grand Total: 68 creatures vanquished

Notes
Turn   | Place    | Note
-------+----------+-------------------------------------------
     0 | D:1      | gamerape the Gargoyle Chaos Knight began the quest for the Orb.
     0 | D:1      | Reached XP level 1. HP: 14/14 MP: 1/1
   141 | D:1      | XOM: harmless Summ miscast
   182 | D:1      | Reached XP level 2. HP: 10/19 MP: 2/2
   327 | D:1      | XOM: silly message
   343 | D:1      | Reached skill level 1 in Dodging
   442 | D:1      | XOM: cast spell 'Call Canine Familiar'
   643 | D:2      | Reached XP level 3. HP: 21/23 MP: 3/3
   779 | D:2      | Reached XP level 4. HP: 22/29 MP: 4/4
  1020 | D:2      | Found an iron altar of Okawaru.
  1280 | D:3      | Noticed WereVolvo's ghost (amateur GrEE)
  1288 | D:3      | XOM: medium Erth miscast
  1289 | D:3      | XOM: summons friendly ufetubus
  1305 | D:3      | Killed WereVolvo's ghost
  1305 | D:3      | Reached XP level 5. HP: 25/33 MP: 5/5
  1810 | D:4      | HP: 1/33 [orc priest/divine providence (16)]
  1812 | D:4      | Killed from afar by an orc priest

Vault maps used:
D:1:      eino_arrival_druids_welcome
D:2:      kennysheep_okawaru_gauntlet, minmay_misc_feat_plants
D:4:      first_bread, serial_bayou_pond_b, trog_butcher_becter

Skill      XL: |  1  2  3  4 |
---------------+-------------+-----
Dodging        | 1 2 |  2.0
Armour         | 3 |  3.4
Fighting       | 4 |  4.2
Maces & Flails | 4 |  4.4
Stealth        | |  0.5

Action                   |  1- 3 |  4- 6 || total
-------------------------+-------+-------++-------
Melee: Mace              |   105 |   128 ||   233
 Stab: Confused          |       |     2 ||     2
  Eat: Chunk             |    11 |     2 ||    13
Armor: Leather armour    |    57 |    72 ||   129
Dodge: Dodged            |    64 |   102 ||   166
